 Dungeon Crawl Stone Soup version 0.25.0 (webtiles) character file.

Game seed: 5802867797413583725

66583 Froggeryz the Executioner (level 14, -1/122 HPs)
             Began as a Minotaur Berserker on June 12, 2020.
             Was a High Priest of Trog.
             Succumbed to a swamp dragon's poison gas
             ... on level 1 of the Swamp.
             The game lasted 00:33:04 (26765 turns).

Froggeryz the Executioner (Minotaur Berserker)     Turns: 26765, Time: 00:33:04

Health: -1/122     AC: 19    Str: 28    XL:     14   Next: 79%
Magic:  13/13      EV: 14    Int:  4    God:    Trog [*****.]
Gold:   1311       SH:  0    Dex: 16    Spells: 13/13 levels left

rFire    + + +     SeeInvis +   H - +1 battleaxe of Abuse {vorpal, rF+ Str+3}
rCold    . . .     Gourm    .   (shield currently unavailable)
rNeg     . . .     Faith    .   z - +0 chain mail "Hesh" {rF++ Str+4} (curse)
rPois    .         Spirit   .   O - +2 hat {MR+}
rElec    .         Reflect  .   (no cloak)
rCorr    .         Harm     .   e - +1 pair of gloves
MR       ++...                  r - +2 pair of boots {run}
Stlth    ..........             (no amulet)
HPRegen  0.30/turn              s - ring of see invisible
MPRegen  0.13/turn              b - ring of the Wary Shouting Lies {Wiz Slay+3}

@: lethally poisoned (-1 -> -15), berserk cooldown, slowed, very slow
A: retaliatory headbutt, horns 2
a: Berserk, Trog's Hand, Brothers in Arms, Renounce Religion


You were on level 1 of the Swamp.
You worshipped Trog.
Trog was extremely pleased with you.
You were very hungry.

You visited 4 branches of the dungeon, and saw 18 of its levels.

You collected 2034 gold pieces.
You spent 723 gold pieces at shops.

Inventory:

Hand Weapons
 w - a +5 hand axe of flaming
 C - the +8 Wrath of Trog {antimagic, *Rage}
   (You took it off an orc warrior on level 8 of the Dungeon)

   It reduces the magical energy of the wielder, and disrupts the spells and
   magical abilities of those hit.
   Natural abilities and divine invocations are not affected.
   It may make you go berserk in combat.
 H - the +1 battleaxe of Abuse (weapon) {vorpal, rF+ Str+3}
   (Trog gifted it to you on level 5 of the Lair of Beasts)

   It inflicts extra damage upon your enemies.
   It affects your strength (+3).
   It protects you from fire.
Missiles
 d - 4 curare-tipped darts (quivered)
Armour
 e - a +1 pair of gloves (worn)
 q - a +0 tower shield
 r - a +2 pair of boots of running (worn)
 z - the cursed +0 chain mail "Hesh" (worn) {rF++ Str+4}
   (You found it on level 2 of the Orcish Mines)

   It affects your strength (+4).
   It greatly protects you from fire.
   It has a curse placed upon it.
 O - a +2 hat of magic resistance (worn)
Jewellery
 b - the ring of the Wary Shouting Lies (right hand) {Wiz Slay+3}
   (You found it on level 4 of the Dungeon)

   [ring of wizardry]

   It improves your spell success rate.
   It affects your accuracy and damage with ranged weapons and melee attacks
   (+3).
 o - an uncursed ring of resist corrosion
 s - a ring of see invisible (left hand)
 t - a +6 ring of intelligence
 F - an uncursed ring of ice
 I - an uncursed ring of positive energy
Wands
 a - a wand of flame (39)
 p - a wand of acid (10)
 u - a wand of iceblast (15)
 y - a wand of digging (7)
 G - a wand of random effects (20)
 K - a wand of paralysis (10)
 L - a wand of enslavement (16)
Scrolls
 g - a scroll of enchant armour
 n - 4 scrolls of immolation
 x - a scroll of magic mapping
 B - 3 scrolls of enchant weapon
 D - 4 scrolls of remove curse
Potions
 f - 4 potions of haste
 h - a potion of magic {unknown}
 i - 2 potions of stabbing
 j - 3 potions of invisibility
 k - 2 potions of curing
 l - 3 potions of lignification {unknown}
 m - 4 potions of flight {unknown}
 A - 3 potions of mutation
 E - 2 potions of resistance
Comestibles
 c - 28 rations


   Skills:
 + Level 10.5 Fighting
 - Level 23.8 Axes
 - Level 10.5 Armour
 + Level 8.3 Dodging
 - Level 2.2 Shields


You had 13 spell levels left.
You didn't know any spells.
Your spell library was empty.

Dungeon Overview and Level Annotations

Branches:
Dungeon (9/15)             Temple (0/1) D:6            Lair (6/6) D:8
  Swamp (1/4) Lair:3        Snake (0/4) Lair:2        Slime (0/5) Lair:5
    Orc (2/2) D:9             Elf (0/3) Orc:2

Altars:
Cheibriados
Gozag
Nemelex Xobeh
Okawaru
Qazlal
Wu Jian
Zin
Beogh

Shops:
D:7 %   Orc:1 :   Orc:2 :*[[((


Innate Abilities, Weirdness & Mutations

You reflexively headbutt those who attack you in melee.
You have a pair of horns on your head.


Message History

The swamp dragon is almost dead.
The swamp dragon closely misses you.
The swamp dragon claws you but does no damage.
The swamp dragon tramples you.
* * * LOW HITPOINT WARNING * * *
You hold your ground!
Unknown command.
You feel better.
The swamp dragon breathes poison at you.
The blast of poison engulfs you!
You are poisoned.
* * * LOW HITPOINT WARNING * * *
Unknown command.
Unknown command.
As you read the scroll of fear, it crumbles to dust.
You assume a fearsome visage.
The swamp dragon looks frightened!
You are engulfed in poison gas.
You are lethally poisoned!
* * * LOW HITPOINT WARNING * * *
You die...

♣.≈≈≈≈≈≈≈≈≈≈....♣
♣.♣♣ ♣.....≈≈....≈.♣♣
♣≈§≈♣
♣.≈≈≈§♣≈.♣.≈...♣♣♣./.
♣.≈≈≈≈≈..♣♣≈♣♣.♣.≈.♣
♣≈♣≈♣≈≈≈≈♣♣.♣♣♣.≈≈.♣
♣≈...≈≈≈.♣♣..♣♣.[.)♣♣
..♣♣....♣♣♣♣..≈≈≈.≈.♣
..♣♣..♣≈♣ ♣...♣☼☼°.♣♣
..♣♣♣.≈≈♣ ♣♣..♣☼@☼.♣
≈♣♣ ♣..≈♣♣ ♣♣.♣♣D§.♣
≈♣ ♣♣...♣♣ ♣≈♣.≈≈.♣
≈♣ ♣..^.♣♣♣♣.♣♣..♣ .♣
♣.≈≈..♣♣.♣ ♣..♣ ♣♣
♣.♣♣..≈♣. .♣.♣
♣♣♣♣♣≈≈♣ ♣.♣♣ ♣♣♣♣ ♣♣


You could see a swamp dragon (fleeing, catching breath).

Vanquished Creatures
  A thorn hunter (Swamp:1)
  2 orc warlords (Orc:2)
  2 dire elephants (Lair:6)
  Fannar (Lair:3)
  7 hydras
  An anaconda (Lair:6)
  4 alligators (Swamp:1)
  4 death yaks (Lair:5)
  3 orc high priests
  Nergalle (Lair:3)
  A fire crab (Lair:6)
  4 orc knights
  A deep elf archer (Orc:2)
  4 deep elf magi
  9 orc sorcerers
  An ugly thing (D:9)
  4 elephants (Lair:6)
  5 black mambas
  16 spiny frogs
  9 komodo dragons
  2 rime drakes (Lair:2)
  4 trolls
  2 tyrant leeches (Swamp:1)
  6 polar bears (Lair:1)
  23 blink frogs
  3 slime creatures (Lair:5)
  3 hippogriffs
  10 dream sheep
  A bog body (Swamp:1)
  A shadow (Swamp:1)
  18 yaks
  3 basilisks
  A swamp worm (Swamp:1)
  4 wargs
  6 nagas (Lair:2)
  19 water moccasins
  9 porcupines
  An ice beast (D:7)
  A swamp drake (D:9)
  41 orc warriors
  2 sky beasts
  10 ogres
  8 black bears (Lair:1)
  2 necrophages
  2 phantoms
  12 wolves
  15 crocodiles
  2 centaurs
  A big kobold (D:7)
  9 bullfrogs
  A water moccasin zombie (D:6)
  A wyvern zombie (D:8)
  4 scorpions
  3 howler monkeys
  A centaur zombie (D:9)
  A bullfrog zombie (D:6)
  4 crimson imps
  6 hounds
  3 jellies
  21 orc priests
  27 orc wizards
  A centaur skeleton (D:4)
  An iron imp (D:9)
  2 bullfrog skeletons
  Ijyb (D:4)
  An iguana (D:8)
  5 worker ants
  4 hell rats (Lair:4)
  2 hound skeletons
  A mummy (D:5)
  7 gnolls
  A howler monkey skeleton (D:6)
  11 adders
  2 shadow imps
  A white imp (D:9)
  An adder zombie (D:9)
  An adder skeleton (D:6)
  A worm (D:6)
  3 dart slugs
  4 leopard geckos
  88 orcs
  3 ball pythons
  6 bats
  6 giant cockroaches
  10 goblins
  4 hobgoblins
  6 jackals
  4 quokkas
  6 frilled lizards
  A goblin zombie (D:5)
  A hobgoblin zombie (D:5)
  A jackal skeleton (D:4)
  8 kobolds
  A leopard gecko zombie (D:9)
  A quokka skeleton (D:6)
  6 rats
  A butterfly (Lair:6)
  3 fungi
  3 plants (Lair:6)
582 creatures vanquished.

Vanquished Creatures (others)
  An orc (Orc:2)
  2 bushes (D:8)
  4 fungi
  16 plants
23 creatures vanquished.

Grand Total: 605 creatures vanquished

Notes
Turn   | Place    | Note
-------+----------+-------------------------------------------
     0 | D:1      | Froggeryz the Minotaur Berserker began the quest for the
                  | Orb.
     0 | D:1      | Reached XP level 1. HP: 19/19 MP: 0/0
   103 | D:1      | Reached skill level 4 in Axes
   216 | D:1      | Reached XP level 2. HP: 26/26 MP: 1/1
   589 | D:1      | Reached XP level 3. HP: 31/31 MP: 2/2
  1211 | D:2      | Reached skill level 5 in Axes
  1437 | D:2      | Reached XP level 4. HP: 39/39 MP: 3/3
  1629 | D:3      | Reached ** piety under Trog
  2232 | D:3      | Found a snail-covered altar of Cheibriados.
  2232 | D:3      | Found a glowing silver altar of Zin.
  2233 | D:3      | Found a stormy altar of Qazlal.
  2518 | D:4      | Reached skill level 6 in Axes
  2518 | D:4      | Reached XP level 5. HP: 45/45 MP: 4/4
  2860 | D:4      | Got a coiled turquoise ring
  3003 | D:4      | Found a sparkling altar of Nemelex Xobeh.
  3004 | D:4      | Found an opulent altar of Gozag.
  3011 | D:4      | Reached skill level 7 in Axes
  3011 | D:4      | Reached XP level 6. HP: 35/51 MP: 5/5
  3199 | D:4      | Noticed Ijyb
  3212 | D:4      | Killed Ijyb
  3239 | D:4      | Identified the ring of the Wary Shouting Lies {Wiz Slay+3}
                  | (You found it on level 4 of the Dungeon)
  3419 | D:4      | Found an iron altar of Okawaru.
  3661 | D:5      | Entered Level 5 of the Dungeon
  3803 | D:5      | You fall into a shaft and drop 3 floors!
  3804 | D:8      | Noticed a yak
  3835 | D:8      | Noticed an orc warrior
  3839 | D:7      | Noticed an ice beast
  3863 | D:7      | Killed an ice beast
  3863 | D:7      | Reached skill level 8 in Axes
  4170 | D:7      | Noticed an orc warrior
  4225 | D:7      | Reached XP level 7. HP: 57/57 MP: 6/6
  4228 | D:7      | Reached *** piety under Trog
  4343 | D:6      | Reached skill level 9 in Axes
  4357 | D:6      | Reached skill level 5 in Armour
  4378 | D:6      | Reached XP level 8. HP: 64/64 MP: 7/7
  4414 | D:6      | Reached skill level 10 in Axes
  4536 | D:6      | Found a staircase to the Ecumenical Temple.
  4576 | D:6      | Reached **** piety under Trog
  4640 | D:6      | Reached skill level 11 in Axes
  5350 | D:5      | Reached XP level 9. HP: 63/70 MP: 8/8
  5398 | D:5      | Reached skill level 12 in Axes
  5835 | D:6      | Found an ornate altar of the Wu Jian Council.
  6120 | D:7      | Found Exzy's Food Shoppe.
  7239 | D:8      | Reached skill level 1 in Shields
  7563 | D:8      | Reached skill level 13 in Axes
  7939 | D:8      | Reached skill level 5 in Fighting
  8192 | D:8      | Found a staircase to the Lair.
  8204 | D:8      | Reached XP level 10. HP: 81/81 MP: 9/9
  8393 | D:8      | Identified the Handbook of Mutagenic Enhancements
  8445 | D:8      | Reached skill level 14 in Axes
  8737 | D:9      | Noticed a cyan ugly thing
  8794 | Lair:1   | Entered Level 1 of the Lair of Beasts
  9078 | Lair:1   | Noticed a black mamba
  9084 | Lair:1   | Killed a black mamba
  9372 | Lair:1   | Noticed a black mamba
  9376 | Lair:1   | Killed a black mamba
  9535 | Lair:1   | Reached skill level 15 in Axes
  9850 | Lair:1   | Noticed a spiny frog
  9865 | Lair:1   | Killed a spiny frog
  9952 | Lair:1   | Reached skill level 16 in Axes
  9953 | Lair:1   | Noticed a spiny frog
  9959 | Lair:1   | Killed a spiny frog
 10110 | Lair:1   | Reached ***** piety under Trog
 10110 | Lair:1   | Reached XP level 11. HP: 92/92 MP: 3/10
 10523 | Lair:1   | Reached skill level 17 in Axes
 11577 | Lair:2   | You fall into a shaft and drop 1 floor!
 11636 | Lair:3   | Reached skill level 18 in Axes
 11880 | Lair:2   | Received a gift from Trog
 12541 | Lair:2   | Found a staircase to the Snake Pit.
 12814 | Lair:3   | Found a staircase to the Swamp.
 12965 | Lair:3   | Noticed Fannar
 12981 | Lair:3   | Killed Fannar
 12981 | Lair:3   | Reached skill level 19 in Axes
 13161 | Lair:3   | Reached XP level 12. HP: 76/100 MP: 11/11
 13385 | Lair:3   | Noticed Nergalle
 13395 | Lair:3   | Killed Nergalle
 14003 | Lair:4   | Reached skill level 20 in Axes
 14021 | Lair:4   | HP: 4/100 [hell rat (2)]
 14942 | Lair:5   | Noticed a seven-headed hydra
 14949 | Lair:5   | Killed a five-headed hydra
 15584 | Lair:5   | Reached skill level 21 in Axes
 15621 | Lair:5   | Found a staircase to the Slime Pits.
 15958 | Lair:5   | Noticed a five-headed hydra
 15965 | Lair:5   | Killed a one-headed hydra
 16384 | Lair:5   | Noticed a seven-headed hydra
 16391 | Lair:5   | Killed a four-headed hydra
 16391 | Lair:5   | Received a gift from Trog
 16665 | Lair:5   | Noticed a death yak
 16665 | Lair:5   | Noticed a death yak
 16666 | Lair:5   | Noticed a death yak
 16666 | Lair:5   | Noticed a death yak
 16674 | Lair:5   | Killed a death yak
 16674 | Lair:5   | Reached XP level 13. HP: 105/105 MP: 4/12
 17027 | Lair:5   | Reached skill level 22 in Axes
 17259 | Lair:6   | Entered Level 6 of the Lair of Beasts
 19211 | Lair:6   | Reached skill level 23 in Axes
 19995 | Lair:6   | Noticed a dire elephant
 19995 | Lair:6   | Noticed a dire elephant
 20003 | Lair:6   | Killed a dire elephant
 20011 | Lair:6   | Killed a dire elephant
 20529 | D:9      | Found a staircase to the Orcish Mines.
 20546 | D:9      | Received a gift from Trog
 21373 | Orc:1    | Entered Level 1 of the Orcish Mines
 21557 | Orc:1    | Found Feumuid's Book Boutique.
 21993 | Lair:5   | Got a transparent battleaxe {god gift}
 21994 | Lair:5   | Identified the +1 battleaxe of Abuse {vorpal, rF+ Str+3}
                  | (Trog gifted it to you on level 5 of the Lair of Beasts)
 22333 | Orc:1    | You fall into a shaft and drop 1 floor!
 22333 | Orc:2    | Entered Level 2 of the Orcish Mines
 22333 | Orc:2    | Found Niuvurgh's Antique Armour Boutique.
 22368 | Orc:2    | Found Hoxziogo's Antique Weapon Shoppe.
 22406 | Orc:2    | Reached XP level 14. HP: 69/113 MP: 13/13
 22667 | Orc:2    | Noticed an orc warlord
 22685 | Orc:2    | Reached skill level 5 in Dodging
 22693 | Orc:2    | Killed an orc warlord
 22711 | Orc:2    | Got a polished chain mail
 22726 | Orc:2    | Identified the cursed +0 chain mail "Hesh" {rF++ Str+4}
                  | (You found it on level 2 of the Orcish Mines)
 22970 | Orc:2    | Received a gift from Trog
 23266 | Orc:2    | Found a roughly hewn altar of Beogh.
 23278 | Orc:2    | Found Azueby's Book Emporium.
 23443 | Orc:2    | Found a roughly hewn altar of Beogh.
 24486 | Orc:2    | Found a roughly hewn altar of Beogh.
 24535 | Orc:2    | Found a roughly hewn altar of Beogh.
 24569 | Orc:2    | Noticed an orc warlord
 24595 | Orc:2    | Killed an orc warlord
 24863 | Orc:2    | Found a roughly hewn altar of Beogh.
 24901 | Orc:2    | Found Moguich's Antique Weapon Emporium.
 24902 | Orc:2    | Found a roughly hewn altar of Beogh.
 24915 | Orc:2    | Found Ykkexupa's Antique Armour Shoppe.
 25043 | Orc:2    | Found a roughly hewn altar of Beogh.
 25087 | Orc:2    | Found a staircase to the Elven Halls.
 25111 | Orc:2    | Found Hiyxab's Armour Shoppe.
 25120 | Orc:2    | Reached skill level 10 in Armour
 25127 | Orc:2    | Found a roughly hewn altar of Beogh.
 25127 | Orc:2    | Found Kesso's General Store.
 25152 | Orc:2    | Bought a potion of resistance for 170 gold pieces
 25152 | Orc:2    | Bought a potion of heal wounds for 85 gold pieces
 25152 | Orc:2    | Bought a scroll of magic mapping for 59 gold pieces
 25445 | Orc:2    | Bought a +0 pair of boots of running for 409 gold pieces
 25715 | Swamp:1  | Entered Level 1 of the Swamp
 26315 | Swamp:1  | Reached skill level 10 in Fighting
 26746 | Swamp:1  | Noticed a thorn hunter
 26754 | Swamp:1  | Killed a thorn hunter
 26759 | Swamp:1  | HP: 2/122 [poisoned by a swamp dragon (poison gas)]
 26765 | Swamp:1  | HP: 1/122 [swamp dragon] (8)]
 26765 | Swamp:1  | Succumbed to a swamp dragon's poison gas

Illustrated notes

Levels and vault maps discovered:
D:1:      psy_arrival_radial01, layout_loops_ring
D:2:      layout_basic
D:3:      layout_basic, gammafunk_temple_overflow_claw
D:4:      layout_cave_pools, grunt_temple_overflow_opulence,
          kennysheep_okawaru_gauntlet, first_ration, grunt_ministairs_7,
          uniq_ijyb
D:5:      layout_gridville, nicolae_ossuary_entry_giza, kennysheep_diamond,
          uniq_eustachio
D:6:      layout_loops_cross, marbit_many_paths, minmay_temple_entry_crystal_x,
          chequers_arboretum, hangedman_decor_opposing
D:7:      layout_basic, serial_shops, nicolae_shop_behind_doors
D:8:      layout_basic, minmay_lair_entry_grove
D:9:      layout_layer_cave, david_orc_3, hangedman_minor_magic
Lair:1:   beast_lair_carwin_large_4, layout_loops_ring,
          nicolae_quartered_pool_little, chequers_serial_rivers_small_b,
          minmay_holes, st_stairs_13, infiniplex_staircase_pool_2
Lair:2:   layout_big_grid, minmay_snake_entry_guardpost_medium
Lair:3:   layout_misc_corridors, swamp_mist, uniq_nergalle, uniq_fannar
Lair:4:   layout_regular_city, serial_bayou_shore_b
Lair:5:   cheibrodos_lair_river_kwai, layout_cave_pods,
          minmay_slime_entry_pillars
Lair:6:   due_jungle_book, layout_hall_layers, grunt_megastairs_2,
          lemuel_fruit_fields, infiniplex_staircase_pool
Swamp:1:  layout_falls_marsh, serial_swamp_ruin, evilmike_swamp_ruin_rubble_1,
          evilmike_swamp_ruin_house_5, swamp_pool3, st_swamp_ruins_2
Orc:1:    layout_diamond_mine, serial_shops, shop_statue
Orc:2:    grunt_orc_community_town_hall, layout_diamond_mine,
          grunt_orc_community_big_house_1, grunt_orc_community_big_house_1,
          grunt_orc_community_house_1, grunt_orc_community_house_1,
          grunt_orc_community_house_3, grunt_orc_community_house_2,
          grunt_orc_community_house_2, grunt_orc_community_house_1,
          serial_shops, shop_coins, shop, shop, elf_legates

Skill      XL: |  1  2  3  4  5  6  7  8  9 10 11 12 13 14 |
---------------+-------------------------------------------+-----
Axes           | 4 5 6 7 8 9 11 13 16 19 21 23 | 23.8
Dodging        | 3 4 8 |  8.3
Armour         | 4 5 7 8 10 | 10.5
Shields        | 2 |  2.2
Fighting       | 5 7 10 | 10.5

Action                   |  1- 3 |  4- 6 |  7- 9 | 10-12 | 13-15 || total
-------------------------+-------+-------+-------+-------+-------++-------
Melee: Hand axe          |    82 |   143 |   273 |   466 |   281 ||  1245
       Headbutt          |     8 |    20 |    60 |   132 |   179 ||   399
       Battleaxe         |       |       |       |    42 |   330 ||   372
       War axe           |       |       |       |    13 |       ||    13
Throw: Dart              |       |       |     3 |       |       ||     3
Invok: Berserk           |       |     3 |     4 |     3 |     3 ||    13
       Trog's Hand       |       |       |     1 |     2 |     2 ||     5
Evoke: Wand              |       |     3 |     1 |     3 |     3 ||    10
  Use: Scroll            |     4 |     4 |     3 |    10 |    11 ||    32
       Potion            |       |       |       |     4 |     7 ||    11
 Stab: Sleeping          |       |       |       |     4 |     1 ||     5
       Invisible         |       |       |       |     1 |       ||     1
  Eat: Chunk             |     2 |    10 |    11 |    17 |    30 ||    70
       Ration            |       |       |     2 |     4 |     1 ||     7
Armor: Animal skin       |     8 |       |       |       |       ||     8
       Ring mail         |    15 |    35 |       |       |       ||    50
       Leather armour    |       |    15 |    52 |   123 |    69 ||   259
       Chain mail        |       |       |       |       |    91 ||    91
Dodge: Dodged            |    58 |    76 |   113 |   265 |   278 ||   790
